 Dungeon Crawl Stone Soup version 0.26-a0-651-gb41185065b (webtiles) character file.

Game seed: 2042670146830244180

93793 grandjackal the Fighter (level 15, -8/127 HPs)
             Began as a Demonspawn Gladiator on Sept 29, 2020.
             Was the Champion of Cheibriados.
             Mangled by Laowois's ghost (14 damage)
             ... on level 14 of the Dungeon on Sept 30, 2020.
             The game lasted 00:40:12 (26199 turns).

grandjackal the Fighter (Demonspawn Gladiator)     Turns: 26199, Time: 00:40:12

Health: -8/127     AC: 20    Str: 32    XL:     15   Next: 61%
Magic:  0/34       EV: 25    Int: 28    God:    Cheibriados [******]
Gold:   1228       SH:  0    Dex: 30    Spells: 4/14 levels left

rFire    + . .     SeeInvis +   V - +6 triple sword (vorpal)
rCold    + . .     Faith    .   (shield currently unavailable)
rNeg     . . .     Spirit   +   I - +2 scale mail {rPois}
rPois    +         Reflect  .   R - +0 mask of the Dragon {MR+ Slay+3 SInv}
rElec    +         Harm     .   t - +2 cloak {MR+}
rCorr    +         Rampage  .   C - +0 pair of gloves
MR       +++..                  W - +1 pair of boots {Fly}
Stlth    +.........             (no amulet)
HPRegen  0.31/turn              O - ring of magical power
MPRegen  0.48/turn              r - +4 ring of evasion

@: lethally poisoned (-8 -> -10), resistant, corroded, sanguine armour, berserk
cooldown, flying, slowed, very slow
A: spiny 3, magic shield, magic regeneration, sanguine armour 1
a: Bend Time, Temporal Distortion, Slouch, Step From Time, Renounce Religion,
Stop Flying


You were on level 14 of the Dungeon.
You worshipped Cheibriados.
Cheibriados was exalted by your worship.
You visited 4 branches of the dungeon, and saw 23 of its levels.
You also visited: Ossuary and Volcano.

You collected 3387 gold pieces.
You spent 2159 gold pieces at shops.

Inventory:

Hand Weapons
 N - a +3 scimitar of flaming
 V - a +6 vorpal triple sword (weapon)
Missiles
 d - 8 throwing nets (quivered)
Armour
 t - a +2 cloak of magic resistance (worn)
 B - a +2 chain mail of cold resistance
 C - a +0 pair of gloves (worn)
 E - a +1 chain mail of fire resistance
 H - a +4 ring mail of positive energy
 I - a +2 scale mail of poison resistance (worn)
 R - the +0 mask of the Dragon (worn) {MR+ Slay+3 SInv}
   (You bought it in a shop on level 11 of the Dungeon)

   It affects your accuracy and damage with ranged weapons and melee attacks
   (+3).
   It affects your resistance to hostile enchantments.
   It lets you see invisible.
 W - a +1 pair of boots of flying (worn)
Jewellery
 l - an uncursed ring of positive energy
 r - a +4 ring of evasion (right hand)
 v - a +4 ring of protection
 D - an uncursed ring of see invisible
 O - a ring of magical power (left hand)
 P - an uncursed ring of poison resistance
 T - a +6 ring of strength
Wands
 h - a wand of paralysis (7)
 k - a wand of polymorph (10)
 q - a wand of flame (46)
 y - a wand of iceblast (17)
 K - a wand of digging (12)
 L - a wand of enslavement (8)
 M - a wand of acid (13)
Scrolls
 c - a scroll of summoning
 e - 2 scrolls of immolation
 f - 9 scrolls of teleportation
 m - 5 scrolls of blinking
 p - 13 scrolls of remove curse
 s - 4 scrolls of enchant armour
 u - 2 scrolls of torment
 x - 3 scrolls of fog
 F - 2 scrolls of vulnerability
 G - 3 scrolls of fear
 U - a scroll of identify
 X - a scroll of brand weapon
 Y - a scroll of magic mapping
Potions
 a - 2 potions of magic
 b - 2 potions of stabbing
 g - 8 potions of heal wounds
 i - 7 potions of lignification
 j - 4 potions of brilliance
 w - 2 potions of flight
 z - a potion of cancellation
 A - 5 potions of mutation
 J - 4 potions of curing
 Q - 3 potions of ambrosia {ambrosia, unknown}
 S - a potion of invisibility
Miscellaneous
 o - a condenser vane (2/2)


   Skills:
 + Level 14.8 Fighting
 + Level 13.8 Long Blades
 - Level 1.7 Throwing
 - Level 10.1 Armour
 - Level 10.0 Dodging
 + Level 1.9 Ice Magic
 + Level 14.1 Invocations


You had 4 spell levels left.
You knew the following spells:

 Your Spells              Type           Power        Failure   Level
a - Ozocubu's Armour      Ice            ##......     26%         3
b - Frozen Ramparts       Ice            ##....       26%         3
c - Summon Ice Beast      Ice/Summ       #.......     78%         4

Your spell library contained the following spells:

 Spells                   Type           Power        Failure   Level
 Freeze                   Ice            ##..         9%          1
 Beastly Appendage        Tmut           #.....       19%         1
 Magic Dart               Conj           #...         19%         1
 Shock                    Conj/Air       #...         19%         1
 Summon Small Mammal      Summ           #...         19%         1
 Searing Ray              Conj           #.....       28%         2
 Sublimation of Blood     Necr           #.........   28%         2
 Swiftness                Air            #.......     28%         2
 Wereblood                Tmut           #.......     28%         2
 Dazzling Flash           Conj/Hex       #.....       50%         3
 Ignite Poison            Fire/Tmut/Pois #.......     50%         3
 Spider Form              Tmut/Pois      #.........   50%         3
 Static Discharge         Conj/Air       #.......     50%         3
 Hailstorm                Conj/Ice       #.......     78%         4
 Ice Form                 Ice/Tmut       #.......     78%         4
 Airstrike                Air            #.........   88%         4
 Fulminant Prism          Conj/Hex       #.........   88%         4
 Iskenderun's Mystic Bla  Conj/Tloc      #.......     88%         4
 Petrify                  Tmut/Erth      #.......     88%         4
 Alistair's Intoxication  Tmut/Pois      #........    99%         5
 Blade Hands              Tmut           #.........   99%         5
 Irradiate                Conj/Tmut      #.........   99%         5
 Lightning Bolt           Conj/Air       #.........   99%         5
 Eringya's Noxious Bog    Tmut/Pois      #.........   100%        6
 Freezing Cloud           Conj/Ice/Air   #.........   100%        6
 Spellforged Servitor     Conj/Summ      #.........   100%        7


Dungeon Overview and Level Annotations

Branches:
Dungeon (14/15)            Temple (1/1) D:5            Lair (6/6) D:8
 Shoals (0/4) Lair:2       Spider (0/4) Lair:2        Slime (0/5) Lair:6
    Orc (2/2) D:10            Elf (0/3) Orc:2       Ossuary (visited)
Volcano (visited)
 Vaults: D:13-14

Altars:
Ashenzari
Cheibriados
Dithmenos
Elyvilon
Fedhas
Gozag
Hepliaklqana
Kikubaaqudgha
Makhleb
Nemelex Xobeh
Okawaru
Qazlal
Ru
Sif Muna
Trog
Uskayaw
Vehumet
Wu Jian
Xom
Yredelemnul
Zin
The Shining One
Beogh
Jiyva

Shops:
D:6 =   D:11 [   D:12 ?   Orc:1 !?!}   Orc:2 ([:!

Portals:
Abyss: Lair:2

Annotations:
D:14 Laowois's ghost, journeyman MiBe
Lair:2 2 transporters, Pechyafi's ghost, journeyman DDEE
Orc:2 1 runed translucent door, Hemupopaeq's ghost, journeyman OgHu


Innate Abilities, Weirdness & Mutations

You are completely covered in sharp spines.
When hurt, damage is shared between your health and your magic reserves.
You regenerate magic rapidly.
When seriously injured, your bleeding wounds create armour. (AC +6)


Message History

The lich is moderately damaged.
You feel sick. The lich is struck by your spines.
The lich touches you but does no damage.
Laowois's ghost misses you. The bullfrog misses you.
The lich is struck by your spines.
The lich touches you but does no damage.
Laowois's ghost completely misses you.
You riposte.
You hit Laowois's ghost.
Laowois's ghost is moderately damaged.
Unknown command.
You slice the lich like a ripe choko!!!
You destroy the lich!
Cheibriados thoroughly appreciates the change of pace.
You are no longer berserk.
You are exhausted.
You feel yourself slow down. The bullfrog completely misses you.
The bullfrog hits you!
* * * LOW HITPOINT WARNING * * *
Laowois's ghost is struck by your spines.
Laowois's ghost hits you!
You die...

#.......# #...<#
##.### ## #..#
###[###
#.####=#)#:###
###.##|..⌠_⌠!.?#
#....##.L.....#
#.....###F§'###.
#...§.§.@.......
#........W......
#.........##....
#.###.##### ...
#. #.# . .. #.#
# #.# #.


You could see a lich, a bullfrog and Laowois's ghost.

Vanquished Creatures
  3 liches (D:14)
  Rupert (D:12)
  Gastronok (Lair:3)
  An orc warlord (Orc:1)
  Snorg (Orc:1)
  The ghost of Deesahac the Severer, a journeyman BaFi of Cheibriados (Lair:3)
  A fire dragon (Lair:6)
  Josephine (Orc:2)
  An ogre mage (Orc:1)
  Harold (D:8)
  6 hydras
  3 centaur warriors
  Erolcha (Orc:1)
  Erica (D:8)
  7 two-headed ogres
  2 tengu warriors
  Urug (D:12)
  Nergalle (Lair:3)
  2 orc high priests
  A fire crab (Volcano)
  2 unseen horrors (D:12)
  A swamp dragon (Lair:6)
  2 lindwurms
  5 orc knights
  An oklob plant (Lair:6)
  3 cyclopes
  A manticore (D:9)
  2 ugly things
  2 orc sorcerers (Orc:1)
  3 slime creatures (D:13)
  4 elephants (Lair:6)
  7 black mambas
  2 molten gargoyles (Volcano)
  A torpor snail (Lair:5)
  11 cane toads
  Joseph (D:8)
  Maggie (D:9)
  A gargoyle (D:13)
  4 centaur skeletons (D:13)
  2 rime drakes (Lair:6)
  7 komodo dragons
  A queen bee (D:9)
  5 trolls
  Grinder (D:4)
  16 blink frogs
  5 hippogriffs
  12 dream sheep
  Sigmund (D:6)
  2 shadows
  4 wraiths
  9 fire bats (Volcano)
  56 yaks
  3 wyverns
  Grum (D:9)
  Eustachio (D:4)
  3 steam dragons
  5 basilisks
  8 water moccasins
  2 wargs
  2 acid dragons (Lair:6)
  2 two-headed ogre zombies (D:10)
  2 hell hounds (Volcano)
  9 porcupines
  48 orc warriors
  A swamp drake (Lair:6)
  2 ice beasts
  3 black bears
  2 necrophages
  23 wolves
  4 sky beasts
  3 phantoms
  2 eyes of draining
  12 ogres
  14 crocodiles
  22 centaurs
  An elf zombie (Ossuary)
  5 big kobolds
  15 bullfrogs
  A wyvern zombie (D:6)
  5 scorpions
  2 wyvern skeletons
  22 killer bees
  10 wights
  2 howler monkeys (D:11)
  An electric eel (Lair:3)
  3 lava snakes (Volcano)
  5 centaur zombies
  4 jellies
  A quasit (D:7)
  3 bullfrog zombies
  8 hounds
  24 orc priests
  Crazy Yiuf (D:5)
  9 iguanas
  Jessica (D:2)
  30 orc wizards
  11 worker ants
  A statue (D:7)
  2 killer bee zombies
  A big kobold zombie (Ossuary)
  6 ogre zombies (D:10)
  A hound zombie (D:7)
  2 hound skeletons
  2 mummies (Ossuary)
  A howler monkey zombie (D:2)
  10 gnolls
  15 adders
  2 shadow imps
  5 white imps
  3 ufetubi
  2 adder zombies
  3 worms (D:3)
  A dart slug (D:1)
  6 leopard geckos
  106 orcs
  2 ball pythons
  12 giant cockroaches
  31 hobgoblins
  10 jackals
  A quokka (D:12)
  4 bats
  4 frilled lizards
  31 goblins
  2 goblin skeletons (D:10)
  7 goblin zombies
  A hobgoblin skeleton (D:10)
  12 hobgoblin zombies
  A jackal skeleton (D:8)
  2 jackal zombies (Ossuary)
  26 kobolds
  11 kobold zombies (Ossuary)
  A leopard gecko skeleton (D:8)
  2 orc skeletons (D:10)
  23 orc zombies
  A quokka skeleton (D:5)
  9 rats
912 creatures vanquished.

Vanquished Creatures (others)
  A komodo dragon (Lair:6)
  A crocodile (Lair:6)
  3 orcs (Orc:2)
  19 fungi
  15 plants
39 creatures vanquished.

Grand Total: 951 creatures vanquished

Notes
Turn   | Place    | Note
-------+----------+-------------------------------------------
     0 | D:1      | grandjackal the Demonspawn Gladiator began the quest for
                  | the Orb.
     0 | D:1      | Reached XP level 1. HP: 16/16 MP: 1/1
   134 | D:1      | Gained mutation: You are partially covered in sharp spines.
                  | [demonic ancestry]
   134 | D:1      | Reached XP level 2. HP: 21/22 MP: 2/2
   720 | D:2      | Found an ornate altar of the Wu Jian Council.
   721 | D:2      | Gained mutation: You are mostly covered in sharp spines.
                  | [demonic ancestry]
   721 | D:2      | Reached XP level 3. HP: 28/28 MP: 3/3
  1078 | D:2      | Noticed Jessica
  1084 | D:2      | Reached XP level 4. HP: 18/34 MP: 4/4
  1088 | D:2      | Killed Jessica
  1993 | D:3      | Gained mutation: When seriously injured, your bleeding
                  | wounds create armour. (AC +6) [demonic ancestry]
  1993 | D:3      | Reached XP level 5. HP: 41/41 MP: 5/5
  2012 | D:3      | Found a stormy altar of Qazlal.
  2276 | D:3      | Found a shadowy altar of Dithmenos.
  2607 | D:3      | Reached XP level 6. HP: 32/48 MP: 6/6
  3465 | D:4      | Gained mutation: When hurt, damage is shared between your
                  | health and your magic reserves. [demonic ancestry]
  3465 | D:4      | Reached XP level 7. HP: 14/55 MP: 7/7
  3547 | D:4      | Found a sand-covered staircase.
  3693 | Ossuary  | Entered an ossuary
  3943 | Ossuary  | Reached skill level 5 in Dodging
  4065 | Ossuary  | Reached skill level 5 in Fighting
  4075 | Ossuary  | Reached skill level 5 in Long Blades
  4463 | D:4      | Noticed Grinder
  4481 | D:4      | Paralysed by Grinder for 6 turns
  4493 | D:4      | Killed Grinder
  4493 | D:4      | Reached XP level 8. HP: 22/64 MP: 3/8
  4811 | D:4      | Noticed Eustachio
  4823 | D:4      | Killed Eustachio
  5104 | D:4      | Got a faintly humming chain mail
  5105 | D:4      | Identified the +1 chain mail "Qiyhoruk" {Int+4} (You found
                  | it on level 4 of the Dungeon)
  5126 | D:5      | Entered Level 5 of the Dungeon
  5288 | D:5      | Found a staircase to the Ecumenical Temple.
  5354 | Temple   | Entered the Ecumenical Temple
  5930 | D:5      | Found a runed translucent door.
  5931 | D:5      | Noticed Crazy Yiuf
  6268 | D:5      | Killed Crazy Yiuf
  6268 | D:5      | Gained mutation: You regenerate magic rapidly. [demonic
                  | ancestry]
  6268 | D:5      | Reached XP level 9. HP: 71/71 MP: 9/9
  6523 | D:6      | Noticed Sigmund
  6530 | D:6      | Killed Sigmund
  6867 | D:6      | Found a shimmering blue altar of Sif Muna.
  6907 | D:6      | Found Puha's Jewellery Shop.
  6927 | D:6      | Bought a cursed amulet of inaccuracy for 28 gold pieces
  7331 | D:7      | Noticed a troll
  7343 | D:7      | Killed a troll
  7653 | D:7      | Found a radiant altar of Vehumet.
  8319 | D:7      | Found a sparkling altar of Nemelex Xobeh.
  8642 | D:8      | Noticed a two-headed ogre
  8658 | D:8      | Reached XP level 10. HP: 31/81 MP: 5/10
  8661 | D:8      | Killed a two-headed ogre
  9064 | D:8      | Noticed Joseph
  9079 | D:8      | Killed Joseph
  9091 | D:8      | Noticed Harold
  9108 | D:8      | Killed Harold
  9357 | D:8      | Found a staircase to the Lair.
  9538 | D:8      | Noticed a brown ugly thing
  9548 | D:8      | Killed a brown ugly thing
  9705 | D:8      | Noticed Erica
  9716 | D:8      | Killed Erica
  9916 | D:9      | Noticed Grum
  9922 | D:9      | Reached skill level 10 in Fighting
  9927 | D:9      | Killed Grum
  9998 | D:9      | Reached XP level 11. HP: 83/89 MP: 11/11
 10051 | D:9      | Noticed a tengu warrior
 10051 | D:9      | Noticed a centaur warrior
 10071 | D:9      | Killed a centaur warrior
 10077 | D:9      | Killed a tengu warrior
 10289 | D:9      | Noticed a centaur warrior
 10299 | D:9      | Killed a centaur warrior
 10577 | D:9      | Reached skill level 10 in Dodging
 10682 | D:9      | Noticed Maggie
 10694 | D:9      | Killed Maggie
 10694 | D:9      | Reached skill level 10 in Long Blades
 10890 | D:9      | Found a white marble altar of Elyvilon.
 10902 | D:9      | Found an opulent altar of Gozag.
 10937 | D:9      | Found a shimmering altar of Xom.
 10956 | D:9      | Found a snail-covered altar of Cheibriados.
 10960 | D:9      | Became a worshipper of Cheibriados the Contemplative
 11042 | D:9      | Reached skill level 1 in Invocations
 11047 | D:9      | Reached skill level 1 in Armour
 11241 | D:10     | Entered Level 10 of the Dungeon
 11253 | D:10     | Reached * piety under Cheibriados
 11456 | D:10     | Noticed a two-headed ogre
 11462 | D:10     | Killed a two-headed ogre
 11809 | D:10     | Found a staircase to the Orcish Mines.
 11809 | D:10     | Reached ** piety under Cheibriados
 12143 | D:11     | Identified a scroll of acquirement
 12144 | D:11     | Acquired a +2 cloak of magic resistance
 12195 | D:11     | Noticed an eight-headed hydra
 12202 | D:11     | Killed a four-headed hydra
 12449 | D:11     | Reached *** piety under Cheibriados
 12491 | D:11     | Found a radiant altar of Vehumet.
 12492 | D:11     | Reached XP level 12. HP: 99/99 MP: 15/15
 12522 | D:11     | Reached skill level 5 in Invocations
 12769 | D:11     | Found Etur's Armour Emporium.
 12777 | D:11     | Bought the +0 mask of the Dragon {MR+ Slay+3 SInv} for 434
                  | gold pieces
 12777 | D:11     | Found the +0 mask of the Dragon {MR+ Slay+3 SInv}
 13268 | D:12     | Found Hinops's Magic Scroll Emporium.
 13278 | D:12     | Bought a scroll of enchant weapon for 120 gold pieces
 13278 | D:12     | Bought a scroll of blinking for 120 gold pieces
 13520 | D:12     | Noticed Urug
 13534 | D:12     | Killed Urug
 13651 | D:12     | Noticed Rupert
 13660 | D:12     | Killed Rupert
 13660 | D:12     | Reached skill level 5 in Armour
 13924 | Orc:1    | Entered Level 1 of the Orcish Mines
 13924 | Orc:1    | Found a roughly hewn altar of Beogh.
 13932 | Orc:1    | Reached **** piety under Cheibriados
 13936 | Orc:1    | Noticed Erolcha
 13944 | Orc:1    | Killed Erolcha
 13948 | Orc:1    | Noticed an orc high priest
 13960 | D:10     | Killed an orc high priest
 13971 | Orc:1    | Found Qoadass's Distillery.
 14183 | Orc:1    | Bought a potion of heal wounds for 65 gold pieces
 14289 | Orc:1    | Found Feebiant's Gadget Emporium.
 14322 | Orc:1    | Reached ***** piety under Cheibriados
 14325 | Orc:1    | Found a roughly hewn altar of Beogh.
 14799 | Orc:2    | Entered Level 2 of the Orcish Mines
 14799 | Orc:2    | Found a staircase to the Elven Halls.
 14799 | Orc:2    | Noticed Snorg
 14812 | Orc:1    | Killed Snorg
 14812 | Orc:1    | Reached XP level 13. HP: 82/107 MP: 13/19
 15095 | Orc:2    | Noticed an orc warlord
 15107 | Orc:1    | Killed an orc warlord
 16181 | Orc:2    | Noticed Josephine
 16280 | Orc:2    | Killed Josephine
 16281 | Orc:2    | Reached skill level 10 in Invocations
 16766 | Orc:2    | Found a runed translucent door.
 16767 | Orc:2    | Noticed Hemupopaeq's ghost (journeyman OgHu)
 16919 | Orc:2    | Found Fasug's Book Shop.
 16919 | Orc:2    | Found Cyonib's Antique Armour Emporium.
 16986 | Orc:1    | Found Oxzux's Magic Scroll Shoppe.
 16997 | Orc:1    | Found Haofoevu's Distillery.
 17056 | Orc:2    | Found Taluf's Antique Weapon Shoppe.
 17058 | Orc:2    | Found Ciecseor's Distillery.
 17313 | Lair:1   | Entered Level 1 of the Lair of Beasts
 18244 | Lair:2   | Reached XP level 14. HP: 117/117 MP: 22/22
 18329 | Lair:2   | Found a hole to the Spider Nest.
 18376 | Lair:2   | Found a transporter.
 18379 | Lair:2   | Identified the +3 trident "Secvorov" {distort, Str+6}
 18391 | Lair:2   | Found a staircase to the Shoals.
 18392 | Lair:2   | Found a one-way gate to the infinite horrors of the Abyss.
 18472 | Lair:2   | Noticed Pechyafi's ghost (journeyman DDEE)
 18477 | Lair:2   | Found a transporter.
 18654 | Lair:2   | Reached ****** piety under Cheibriados
 19307 | Lair:3   | Noticed Gastronok
 19314 | Lair:3   | Killed Gastronok
 19315 | Lair:3   | Noticed Nergalle
 19321 | Lair:3   | Killed Nergalle
 20073 | Lair:3   | Found a runed translucent door.
 20074 | Lair:3   | Noticed Deesahac's ghost (journeyman BaFi)
 20252 | Lair:3   | Acquired 1015 gold pieces
 20302 | Lair:3   | Killed Deesahac's ghost
 20434 | Lair:4   | Found a dark tunnel.
 20443 | Volcano  | Entered a volcano
 20785 | Volcano  | Found a radiant altar of Vehumet.
 23183 | Lair:6   | Entered Level 6 of the Lair of Beasts
 23714 | Lair:6   | Identified the Papyrus of the Cloudy Escort
 23761 | Lair:6   | Found a staircase to the Slime Pits.
 23762 | Lair:6   | Found a viscous altar of Jiyva.
 23783 | Lair:6   | Gained mutation: You are completely covered in sharp
                  | spines. [demonic ancestry]
 23783 | Lair:6   | Reached XP level 15. HP: 125/125 MP: 24/24
 23794 | Lair:6   | Learned a level 3 spell: Ozocubu's Armour
 23798 | Lair:6   | Learned a level 3 spell: Frozen Ramparts
 23803 | Lair:6   | Learned a level 4 spell: Summon Ice Beast
 24950 | Orc:1    | Bought a scroll of acquirement for 832 gold pieces
 24950 | Orc:1    | Bought a scroll of brand weapon for 320 gold pieces
 24950 | Orc:1    | Bought a scroll of blinking for 120 gold pieces
 24950 | Orc:1    | Bought a scroll of enchant armour for 120 gold pieces
 24950 | Orc:1    | Acquired a +1 pair of boots of flying
 25550 | D:13     | Reached skill level 10 in Armour
 26178 | D:14     | Found a runed translucent gate.
 26178 | D:14     | Found a runed translucent gate.
 26178 | D:14     | Found a runed translucent gate.
 26178 | D:14     | Found an ancient bone altar of Kikubaaqudgha.
 26178 | D:14     | Noticed Laowois's ghost (journeyman MiBe)
 26178 | D:14     | Noticed a lich
 26178 | D:14     | Noticed a lich
 26178 | D:14     | Noticed a lich
 26178 | D:14     | Noticed a lich
 26194 | D:14     | Killed a lich
 26194 | D:14     | Reached skill level 1 in Ice Magic
 26197 | D:14     | Killed a lich
 26199 | D:14     | Killed a lich
 26199 | D:14     | HP: 6/127 [bullfrog (5)]
 26199 | D:14     | Mangled by Laowois's ghost

Illustrated notes

Levels and vault maps discovered:
D:1:      tarquinn_simple_flora_water_f, layout_basic, serial_glass,
          glass_columns_a, glass_columns_b, minivault_26,
          minmay_strange_pillars, minmay_3d_cube
D:2:      layout_loops_corners, nicolae_overflow_crystal_walls, uniq_jessica
D:3:      minmay_goblin_kobold_castle, layout_basic,
          nicolae_qazlal_general_emergency, marbit_many_paths,
          minmay_misc_feat_rows, minmay_hedge_maze
D:4:      layout_basic, nicolae_ossuary_entry_ruins, minmay_bisected,
          uniq_grinder, uniq_eustachio
D:5:      layout_rooms, minmay_temple_entry_glass, gup_sewer_entry_pipe,
          uniq_crazy_yiuf_cottage
D:6:      layout_gridville, serial_shops, nicolae_shop_waterfront, led_sif_pool,
          uniq_sigmund
D:7:      layout_loops_ring, vehumet_statue, kennysheep_big_empty_room,
          nrook_loot_triangle, hangedman_decor_riveting,
          nemelex_diamond_rough_becter
D:8:      layout_basic, lair_entry_dummy, uniq_harold, uniq_joseph, uniq_erica
D:9:      minmay_tri_box, layout_rooms, nicolae_overflow_quartered_altars,
          special_room [special_room_bee], uniq_grum, uniq_maggie
D:10:     layout_cross, zombieorc2_lemuel, serial_column_ruins,
          column_ruins_open_tiny, column_ruins_open_tiny,
          column_ruins_open_medium, column_ruins_open_tiny, solitary_fountain,
          minivault_25
D:11:     layout_stronghold, basic_altar, serial_shops, shop_statue,
          chequers_serial_rivers_small_a
D:12:     layout_long_grid, serial_shops, shop, uniq_urug, uniq_rupert
D:13:     layout_roguey, special_room [special_room_orc]
D:14:     layout_roguey, david_vaults_5, gammafunk_ghost_crypt,
          nicolae_tso_swordbearing_angel, uniq_roxanne, uniq_jorgrun
Temple:   minmay_temple_curvy_branch
Lair:1:   layout_loops_ring
Lair:2:   layout_cave_pods, shoals_dummy_entry, dummy_spider_entry,
          gammafunk_ghost_abyssal_escape
Lair:3:   layout_cave_pods, ebering_ghost_reflecting_pool,
          nicolae_quartered_pool_medium, grunt_megastairs_4, uniq_gastronok,
          uniq_nergalle
Lair:4:   layout_cave_pods, enter_volcano_2
Lair:5:   layout_hall_layers, grunt_megastairs_5
Lair:6:   guppyfry_lair_end_dragon, layout_long_grid, slime_altar_1,
          grunt_megastairs_1
Orc:1:    layout_diamond_mine, serial_shops, shop, shop_statue,
          nicolae_shop_crystal, shop, basic_altar, mines1_david, uniq_erolcha
Orc:2:    st_orc_rangers, layout_caves, ebering_ghost_reflecting_pool,
          uniq_snorg, uniq_josephine

Skill      XL: |  1  2  3  4  5  6  7  8  9 10 11 12 13 14 15 |
---------------+----------------------------------------------+-----
Long Blades    | 3 4 5 6 8 9 10 11 12 13 | 13.8
Dodging        | 3 4 5 6 8 9 10 | 10.0
Fighting       | 3 4 5 7 8 10 11 12 13 14 | 14.8
Invocations    | 4 8 11 13 14 | 14.1
Armour         | 3 5 7 9 10 | 10.1
Ice Magic      | 1 |  1.9
Throwing       | |  1.7

Action                   |  1- 3 |  4- 6 |  7- 9 | 10-12 | 13-15 || total
-------------------------+-------+-------+-------+-------+-------++-------
Melee: Long sword        |    55 |   156 |   388 |    63 |       ||   662
       Scimitar          |       |       |       |   328 |    22 ||   350
       Short sword       |       |       |       |    24 |       ||    24
       Triple sword      |       |       |       |    61 |   511 ||   572
Invok: Bend Time         |       |       |       |     4 |     2 ||     6
       Temporal Distorti |       |       |       |     1 |     3 ||     4
       Slouch            |       |       |       |       |     4 ||     4
Evoke: Wand              |       |       |     3 |     6 |       ||     9
       Condenser vane    |       |       |       |     1 |       ||     1
  Use: Scroll            |       |       |    12 |    17 |     9 ||    38
       Potion            |       |       |     1 |     1 |     3 ||     5
 Stab: Sleeping          |     1 |       |       |       |       ||     1
       Paralysed         |       |       |       |     4 |       ||     4
       Invisible         |       |       |       |     1 |       ||     1
       Distracted        |       |       |       |       |     1 ||     1
       Confused          |       |       |       |       |     1 ||     1
Armor: Leather armour    |    13 |       |       |       |       ||    13
       Ring mail         |     2 |    39 |    81 |   131 |    82 ||   335
       Scale mail        |       |       |       |       |    94 ||    94
Dodge: Dodged            |    47 |   118 |   321 |   541 |  1008 ||  2035
       Rpst.: Long sword |    17 |    29 |    82 |    16 |       ||   144
       Scimitar          |       |       |       |   107 |     3 ||   110
       Triple sword      |       |       |       |    29 |   202 ||   231

Table legend: (Time is in decaauts)
 A = Elapsed time spent in this place.
 B = Non-inter-level travel time spent in this place.
 C = Inter-level travel time spent in this place.
 D = Time resting spent in this place.
 E = Time spent auto-exploring this place.
 F = Levels seen in this place.
 G = Mean time per level.
                   A        B        C        D        E       F      G
               +--------+--------+--------+--------+--------+-----+--------+
         Total |  33283 |  31615 |   1668 |   6344 |  19758 |  25 | 1331.3 |
       Dungeon |  16049 |  15221 |    828 |   2793 |   9728 |  14 | 1146.4 |
        Temple |    353 |    332 |     21 |      0 |    328 |   1 |  353.0 |
          Lair |  10647 |  10178 |    469 |    930 |   8046 |   6 | 1774.5 |
  Orcish Mines |   4481 |   4132 |    349 |   1764 |   1644 |   2 | 2240.5 |
       Ossuary |    402 |    402 |      0 |    142 |     11 |   1 |  402.0 |
       Volcano |   1348 |   1348 |      0 |    715 |      0 |   1 | 1348.0 |
               +--------+--------+--------+--------+--------+-----+--------+

Top non-repeatable levels by time:
   Orc:1: 2919 daAuts
  Lair:6: 2239 daAuts
  Lair:3: 2155 daAuts
  Lair:4: 1975 daAuts
  Lair:2: 1783 daAuts
   Orc:2: 1561 daAuts
     D:3: 1479 daAuts
    D:13: 1436 daAuts
     D:9: 1429 daAuts
  Lair:1: 1422 daAuts
    D:10: 1355 daAuts
    D:11: 1349 daAuts
 Volcano: 1348 daAuts
     D:2: 1320 daAuts
     D:7: 1306 daAuts
